 Dungeon Crawl Stone Soup version 0.28-a0-674-gdaf460b524 (webtiles) character file.

Game seed: 5516827060139786412

284 demibob the Shield-Bearer (level 6, -1/79 HPs)
             Began as a Gnoll Fighter on Oct 17, 2021.
             Slain by an ogre (6 damage)
             ... on level 4 of the Dungeon.
             The game lasted 00:03:53 (3292 turns).

demibob the Shield-Bearer (Gnoll Fighter)           Turns: 3292, Time: 00:03:54

Health: -1/79      AC: 23    Str: 15 (16) XL:     6   Next: 29%
Magic:  8/8        EV:  2    Int:  7 (8)  God:
Gold:   159        SH:  5    Dex: 11 (12) Spells: 5/8 levels left

rFire   . . .      SeeInvis .   a - +1 war axe
rCold   . . .      Faith    .   c - +0 buckler
rNeg    . . .      Spirit   .   (armour currently unavailable)
rPois   +          Reflect  .   (helmet currently unavailable)
rElec   .          Harm     .   (cloak currently unavailable)
rCorr   +          Rampage  .   (gloves currently unavailable)
Will    .....      NoTele   +   (boots currently unavailable)
Stlth   ++........              (no amulet)
HPRegen 0.23/turn               R - ring of resist corrosion
MPRegen 0.11/turn               (no ring)

@: tree-form, hasted, very quick
A: stationary, stasis, torment immunity, boosted hp, (fangs 1), strong nose,
distributed training
a: no special abilities


You were on level 4 of the Dungeon.
You were a tree.
You visited 1 branch of the dungeon, and saw 4 of its levels.

You collected 159 gold pieces.


Innate Abilities, Weirdness & Mutations

You are a tree.
Your roots penetrate the ground, keeping you stationary.
You cannot be teleported.
You are immune to unholy pain and torment.
Your maximum health is greatly increased.
Your equipment is partially melded.
((You have very sharp teeth.))
Your uncanny sense of smell can sniff out nearby items.
Your experience applies equally to all skills.


   Skills:
 + Level 6.8 Fighting
 + Level 1.9 Short Blades
 + Level 1.9 Long Blades
 + Level 4.9 Axes
 + Level 1.9 Maces & Flails
 + Level 1.9 Polearms
 + Level 1.9 Staves
 + Level 1.9 Slings
 + Level 1.9 Bows
 + Level 1.9 Crossbows
 + Level 1.9 Throwing
 + Level 6.8 Armour
 + Level 1.9 Dodging
 + Level 1.9 Stealth
 + Level 6.8 Shields
 + Level 1.9 Unarmed Combat
 + Level 1.9 Spellcasting
 + Level 1.5 Conjurations
 + Level 1.5 Hexes
 + Level 1.5 Summonings
 + Level 1.5 Necromancy
 + Level 1.5 Translocations
 + Level 1.5 Transmutations
 + Level 1.5 Fire Magic
 + Level 1.5 Ice Magic
 + Level 1.5 Air Magic
 + Level 1.5 Earth Magic
 + Level 1.5 Poison Magic
 + Level 2.1 Invocations
 + Level 1.9 Evocations


You had 5 spell levels left.
You knew the following spells:

 Your Spells              Type           Power      Damage    Failure   Level
m - Mephitic Cloud        Conj/Pois/Air  2%         N/A       54%         3

Your spell library contained the following spells:

 Spells                   Type           Power      Damage    Failure   Level
 Ignite Poison            Fire/Tmut/Pois 2%         N/A       54%         3
 Freezing Cloud           Conj/Ice/Air   1%         6-21      99%         5

Inventory:

Hand Weapons
 a - a +1 war axe (weapon)
Armour
 b - a +0 scale mail (melded)
 c - a +0 buckler (worn)
Jewellery
 C - a ring of ice
 R - a ring of resist corrosion (left branch)
Scrolls
 e - a scroll of identify {@r1}
 g - a scroll of vulnerability {unknown}
Potions
 i - a potion of brilliance

Dungeon Overview and Level Annotations

Branches:
Dungeon (4/15)
 Temple: D:4-7

Altars:

########.#########
#.....##..........
#.....####.#######
∆ #.....# #.#
#.....# #.#
#.....# #.# #
###.#### #.#
#.####..†...# #O#
......#.##.###♣#
#..##.#.#......#.#
#................#
#.###.#.####.#.###
############
#.###.#.####.#.#
#...........
...............#
#.........#
#########)######
#.......#.##. #.#
######............
#.#
#............#.##


You could see an ogre.


Message History

The ogre is lightly wounded.
The ogre barely misses you.
You completely miss the ogre. You bite the ogre.
The ogre is lightly wounded.
The ogre hits you with a +0 giant spiked club!!
You closely miss the ogre.
The ogre is lightly wounded.
The ogre hits you with a +0 giant spiked club!
* * * LOW HITPOINT WARNING * * *
You are too injured to fight recklessly!
You slash the ogre!
The ogre is heavily wounded.
You block the ogre's attack.
You hit the ogre. You bite the ogre, but do no damage.
The ogre is severely wounded.
The ogre hits you with a +0 giant spiked club!
* * * LOW HITPOINT WARNING * * *
It was a potion of haste.
You feel yourself speed up.
It was a potion of degeneration.
There was something very wrong with that liquid.
You feel weakened.
You feel dopey.
You feel clumsy.
It was a potion of lignification.
You turn into a tree.
Your +0 scale mail melds into your body.
Your roots penetrate the ground.
You barely miss the ogre.
The ogre is severely wounded.
You slash the ogre!
The ogre is almost dead.
The ogre hits you with a +0 giant spiked club.
You die...

Skill      XL: |  1  2  3  4  5 |
---------------+----------------+-----
Short Blades   | 1 |  1.9
Long Blades    | 1 |  1.9
Maces & Flails | 1 |  1.9
Polearms       | 1 |  1.9
Staves         | 1 |  1.9
Slings         | 1 |  1.9
Bows           | 1 |  1.9
Crossbows      | 1 |  1.9
Throwing       | 1 |  1.9
Dodging        | 1 |  1.9
Stealth        | 1 |  1.9
Unarmed Combat | 1 |  1.9
Spellcasting   | 1 |  1.9
Invocations    | 1 2 |  2.1
Evocations     | 1 |  1.9
Conjurations   | 1 |  1.5
Hexes          | 1 |  1.5
Summonings     | 1 |  1.5
Necromancy     | 1 |  1.5
Translocations | 1 |  1.5
Transmutations | 1 |  1.5
Fire Magic     | 1 |  1.5
Ice Magic      | 1 |  1.5
Air Magic      | 1 |  1.5
Earth Magic    | 1 |  1.5
Poison Magic   | 1 |  1.5
Fighting       | |  6.8
Axes           | |  4.9
Armour         | |  6.8
Shields        | |  6.8

Action                   |  1- 3 |  4- 6 || total
-------------------------+-------+-------++-------
Melee: War axe           |    58 |   134 ||   192
       Bite              |     3 |    15 ||    18
  Use: Potion            |       |     5 ||     5
       Scroll            |       |     7 ||     7
Armor: Scale mail        |    23 |    57 ||    80
Dodge: Dodged            |    17 |    54 ||    71
Block: Buckler           |    19 |    43 ||    62

Levels and vault maps discovered:
D:1:      tarquinn_simple_flora_water_b, layout_loops_cross, kennysheep_doodads
D:2:      minmay_diamond_boxcup, layout_loops_corners
D:3:      layout_basic, dilly_ecumenical_altar_fadedgnrine, feat_on_display
D:4:      layout_loops_cross, mainiacjoe_overflow_surrounded_room,
          okawaru_altar_gauntlet_db, serial_shops, nicolae_shop_stone,
          nicolae_ossuary_entry_monument, grunt_ministairs_8

Notes
Turn   | Place    | Note
-------+----------+-------------------------------------------
     0 | D:1      | demibob the Gnoll Fighter began the quest for the Orb.
     0 | D:1      | Reached XP level 1. HP: 23/23 MP: 1/1
   184 | D:1      | Reached XP level 2. HP: 29/29 MP: 2/2
   464 | D:1      | Reached XP level 3. HP: 30/35 MP: 3/3
   909 | D:2      | You fall into a shaft and drop 1 floor!
   918 | D:3      | Reached skill level 1 in Short Blades
   918 | D:3      | Reached skill level 1 in Long Blades
   918 | D:3      | Reached skill level 1 in Maces & Flails
   918 | D:3      | Reached skill level 1 in Polearms
   918 | D:3      | Reached skill level 1 in Staves
   918 | D:3      | Reached skill level 1 in Slings
   918 | D:3      | Reached skill level 1 in Bows
   918 | D:3      | Reached skill level 1 in Crossbows
   918 | D:3      | Reached skill level 1 in Throwing
   918 | D:3      | Reached skill level 1 in Dodging
   918 | D:3      | Reached skill level 1 in Stealth
   918 | D:3      | Reached skill level 1 in Unarmed Combat
   918 | D:3      | Reached skill level 1 in Spellcasting
   918 | D:3      | Reached skill level 1 in Invocations
   918 | D:3      | Reached skill level 1 in Evocations
   918 | D:3      | Reached XP level 4. HP: 34/41 MP: 3/5
  1005 | D:3      | Reached skill level 1 in Conjurations
  1005 | D:3      | Reached skill level 1 in Hexes
  1005 | D:3      | Reached skill level 1 in Summonings
  1005 | D:3      | Reached skill level 1 in Necromancy
  1005 | D:3      | Reached skill level 1 in Translocations
  1005 | D:3      | Reached skill level 1 in Transmutations
  1005 | D:3      | Reached skill level 1 in Fire Magic
  1005 | D:3      | Reached skill level 1 in Ice Magic
  1005 | D:3      | Reached skill level 1 in Air Magic
  1005 | D:3      | Reached skill level 1 in Earth Magic
  1005 | D:3      | Reached skill level 1 in Poison Magic
  1136 | D:2      | Reached XP level 5. HP: 36/47 MP: 6/6
  2214 | D:3      | Learned a level 3 spell: Mephitic Cloud
  2497 | D:3      | Reached skill level 2 in Invocations
  2497 | D:3      | Reached XP level 6. HP: 25/53 MP: 8/8
  2977 | D:3      | Found a faded altar of an unknown god.
  3277 | D:4      | HP: 1/53 [ogre (17)]
  3292 | D:4      | Slain by an ogre

Vanquished Creatures
  A hound (D:4)
  An orc priest (D:3)
  A bullfrog skeleton (D:3)
  An iguana (D:3)
  An orc wizard (D:3)
  2 adders (D:2)
  4 gnolls (D:3)
  A worm (D:3)
  2 dart slugs
  8 orcs
  12 ball pythons
  6 endoplasms
  A giant cockroach (D:3)
  4 goblins
  7 hobgoblins
  9 kobolds
  A quokka (D:1)
  7 bats
  5 frilled lizards
  4 rats
78 creatures vanquished.

Vanquished Creatures (others)
  7 plants (D:3)
7 creatures vanquished.

Grand Total: 85 creatures vanquished

Table legend: (Time is in decaauts)
 A = Elapsed time spent in this place.
 B = Non-inter-level travel time spent in this place.
 C = Inter-level travel time spent in this place.
 D = Time resting spent in this place.
 E = Time spent auto-exploring this place.
 F = Levels seen in this place.
 G = Mean time per level.
                   A        B        C        D        E       F      G
               +--------+--------+--------+--------+--------+-----+--------+
         Total |   3338 |   3265 |     73 |    518 |   2264 |   4 |  834.5 |
       Dungeon |   3338 |   3265 |     73 |    518 |   2264 |   4 |  834.5 |
               +--------+--------+--------+--------+--------+-----+--------+

Top non-repeatable levels by time:
     D:2: 1274 daAuts
     D:3: 1030 daAuts
     D:1: 835 daAuts
     D:4: 198 daAuts

Table legend:
 A = Non-vault XP
 B = Vault XP
 C = Vault XP percentage of total XP
 D = Non-vault monster count
 E = Vault monster count
 F = Vault count percentage of total count
                 A         B        C        D         E       F
            +---------+---------+-------+---------+---------+-------
      Total |     398 |       8 |   2.0 |      71 |       7 |   9.0
            +---------+---------+-------+---------+---------+-------
        D:1 |      41 |       0 |   0.0 |      23 |       0 |   0.0
        D:2 |      48 |       8 |  14.3 |      15 |       7 |  31.8
        D:3 |     256 |       0 |   0.0 |      28 |       0 |   0.0
        D:4 |      53 |       0 |   0.0 |       5 |       0 |   0.0
            +---------+---------+-------+---------+---------+-------
